 Dungeon Crawl Stone Soup version 0.30-a0-800-g7c544603b3 (webtiles) character file.

Game seed: 5696936898012262186

108789 Pimp the Unseen (level 16, 0/83 HPs)
             Began as a Spriggan Brigand on Feb 21, 2023.
             Was the Champion of Okawaru.
             Killed from afar by a shock serpent (25 damage)
             ... with a bolt of electricity
             ... on level 3 of the Snake Pit.
             The game lasted 01:50:14 (30256 turns).

Pimp the Unseen (Spriggan Brigand)                 Turns: 30256, Time: 01:50:14

Health: 0/83       AC: 14    Str:  9    XL:     16   Next: 3%
Magic:  30/30      EV: 44    Int: 16    God:    Okawaru [******]
Gold:   2356       SH:  0    Dex: 30    Spells: 19/34 levels left

rFire   . . .      SeeInvis +    N - +12 rapier of Syajearu {heavy, Will+ Str+2 Dex+3}
rCold   . . .      Faith    .    (no shield)
rNeg    . . .      Spirit   .    F - +5 steam dragon scales
rPois   .          Reflect  .    S - +1 hat
rElec   .          Harm     .    c - +2 cloak
rCorr   .          Rampage  .    (gloves unavailable)
Will    +++..                    (boots unavailable)
Stlth   ++++++++                 (no amulet)
HPRegen 0.33/turn                i - +5 ring of evasion
MPRegen 0.22/turn                s - +6 ring of dexterity

@: very quick
A: very small, no large weapons, unfitting armour, see invisible, speed 3
a: Renounce Religion, Heroism, Finesse, Duel


You were on level 3 of the Snake Pit.
You worshipped Okawaru.
Okawaru was exalted by your worship.
You visited 5 branches of the dungeon, and saw 24 of its levels.

You collected 3007 gold pieces.
You spent 651 gold pieces at shops.

Inventory:

Hand Weapons
 a - a +8 quick blade of holy wrath
 h - a +5 dagger
 j - a +1 scimitar of flaming
 x - the +7 rapier "Wocvuthe" {venom, Str+3}
   (Okawaru gifted it to you on level 9 of the Dungeon)

   Str:       It affects your strength (+3).
 y - a +5 dagger of electrocution
 N - the +12 rapier of Syajearu (weapon) {heavy, Will+ Str+2 Dex+3}
   (Okawaru gifted it to you on level 10 of the Dungeon)

   Str:       It affects your strength (+2).
   Dex:       It affects your dexterity (+3).
   Will:      It increases your willpower.
 P - the +6 rapier of the Hated {drain, rF+ Str+2 Dex-2 Stlth+}
   (Okawaru gifted it to you on level 2 of the Orcish Mines)

   Str:       It affects your strength (+2).
   Dex:       It affects your dexterity (-2).
   rF:        It protects you from fire.
   Stlth:     It makes you more stealthy.
Missiles
 d - 51 poisoned darts
 e - 4 curare-tipped darts
 o - 9 atropa-tipped darts
 G - 2 silver boomerangs
 J - 17 boomerangs
 K - 6 throwing nets
Armour
 b - a +0 robe
 c - a +2 cloak (worn)
 A - a +2 animal skin
 F - +5 steam dragon scales (worn)
 Q - the +1 robe of Titicuz {Rampage rElec rF- Stlth+}
   (Okawaru gifted it to you on level 1 of the Lair of Beasts)

   rF:        It makes you vulnerable to fire.
   rElec:     It insulates you from electricity.
   Rampage:   It bestows one free step when moving towards enemies.
   Stlth:     It makes you more stealthy.
 S - a +1 hat (worn)
Jewellery
 g - a +6 ring of strength
 i - a +5 ring of evasion (left hand)
 m - a ring of protection from fire
 q - an amulet of magic regeneration
 s - a +6 ring of dexterity (right hand)
 v - a ring of willpower
 O - a ring of willpower
 W - an amulet of the acrobat
Wands
 w - a wand of mindburst (4)
 D - a wand of paralysis (9) (quivered)
 E - a wand of flame (20)
 H - a wand of polymorph (8)
 I - a wand of acid (13)
Scrolls
 p - 12 scrolls of identify
 r - 2 scrolls of amnesia
 t - 13 scrolls of teleportation
 T - 2 scrolls of enchant armour
 U - 2 scrolls of enchant weapon
Potions
 f - 10 potions of curing
 k - 6 potions of heal wounds
 l - 2 potions of lignification {unknown}
 z - a potion of haste
 C - 9 potions of brilliance
 L - 3 potions of ambrosia {unknown}
 M - 2 potions of flight {unknown}
 R - 2 potions of mutation {unknown}
 V - 4 potions of magic
 Y - 3 potions of might
Miscellaneous
 X - a phial of floods


   Skills:
 + Level 8.9 Fighting
 * Level 16.6 Short Blades
 - Level 7.1 Throwing
 + Level 15.9 Dodging
 * Level 19.1 Stealth
 + Level 9.6 Spellcasting
 - Level 5.9 Transmutations
 + Level 0.2 Air Magic
 - Level 3.7 Poison Magic
 - Level 12.6 Evocations


You had 19 spell levels left.
You knew the following spells:

 Your Spells              Type           Power      Damage    Failure   Level
a - Magic Dart            Conj           28%        1d4       10%         1
b - Sting                 Tmut/Pois      92%        1d7       1%          1
c - Passwall              Tmut/Erth      14%        N/A       4%          2
d - Mephitic Cloud        Conj/Pois/Air  12%        N/A       16%         3
e - Olgreb's Toxic Radia  Pois           19%        N/A       21%         4
f - Ignite Poison         Fire/Tmut/Pois 18%        N/A       8%          3
g - Slow                  Hex            28%        N/A       10%         1

Your spell library contained the following spells:

 Spells                   Type           Power      Damage    Failure   Level
 Beastly Appendage        Tmut           52%        N/A       1%          1
 Wereblood                Tmut           26%        N/A       1%          2
 Spider Form              Tmut/Pois      23%        N/A       3%          3
 Poisonous Vapours        Pois/Air       28%        N/A       6%          2
 Ensorcelled Hibernation  Hex/Ice        14%        N/A       14%         2
 Lesser Beckoning         Tloc           14%        N/A       14%         2
 Static Discharge         Conj/Air       16%        2-3/arc   14%         2
 Blade Hands              Tmut           13%        N/A       24%         5
 Swiftness                Air            8%         N/A       26%         3
 Vhi's Electric Charge    Tloc/Air       16%        N/A       26%         3
 Confusing Touch          Hex            7%         N/A       28%         3
 Dazzling Flash           Conj/Hex       14%        N/A       28%         3
 Gell's Gravitas          Tloc           7%         N/A       28%         3
 Kindle Blastsparks       Fire/Tloc/Air  14%        2d11      28%         3
 Teleport Other           Tloc           7%         N/A       28%         3
 Vampiric Draining        Necr           7%         2d6       28%         3
 Irradiate                Conj/Tmut      8%         3d14      61%         5
 Fulminant Prism          Conj/Hex       3%         3d5       67%         4
 Iskenderun's Mystic Bla  Conj/Tloc      7%         2d4       67%         4
 Leda's Liquefaction      Hex/Erth       3%         N/A       67%         4
 Arcjolt                  Conj/Air       4%         1d14      94%         5
 Lightning Bolt           Conj/Air       4%         1d15      94%         5
 Silence                  Hex/Air        4%         N/A       94%         5
 Agony                    Necr           7%         N/A       95%         5
 Freezing Cloud           Conj/Ice/Air   3%         6-21      95%         5
 Lee's Rapid Deconstruct  Erth           3%         3d5*      95%         5
 Statue Form              Tmut/Erth      11%        N/A       99%         6
 Starburst                Conj/Fire      3%         6d3       100%        6
 Dragon Form              Tmut           13%        N/A       100%        7
 Chain Lightning          Conj/Air       4%         3d5       100%        9
 Fire Storm               Conj/Fire      3%         8d1       100%        9
 Shatter                  Erth           3%         3d7*      100%        9
 Call Imp                 Summ           Unusable   N/A       N/A         2

Dungeon Overview and Level Annotations

Branches:
Dungeon (14/15)            Temple (0/1) D:7            Lair (4/5) D:8
 Shoals (0/4) Lair:2        Snake (3/4) Lair:3        Slime (0/5) Lair:4
    Orc (2/2) D:11            Elf (1/3) Orc:2
 Vaults: D:13-14

Altars:
Ashenzari
Cheibriados
Dithmenos
Gozag
Hepliaklqana
Kikubaaqudgha
Makhleb
Nemelex Xobeh
Okawaru
Qazlal
Ru
Trog
Yredelemnul
Zin
The Shining One

Shops:
D:8 [   D:12 *   Orc:2 **:(   Snake:1 ((   Snake:3 (*[*

Portals:
Pandemonium: Orc:2

Annotations:
D:5 3 runed translucent doors, osoart's ghost, novice FoFi


Innate Abilities, Weirdness & Mutations

You are very small and have problems with some larger weapons.
You are too small for most types of armour.
You have supernaturally acute eyesight. (SInv)
You cover ground extremely quickly. (Speed+++)


Message History

Okawaru accepts your kill. The naga spits poison at you.
The splash of poison misses you.
You see here a black mamba corpse.
You puncture the naga!
The naga is heavily wounded.
You puncture the naga!
You kill the naga!
Okawaru accepts your kill.
Things that are here:
a +0 scimitar; a naga corpse An anaconda comes into view.
A shock serpent comes into view.
You catch the helpless anaconda completely off-guard!
You perforate the anaconda like a sieve!!!!
You kill the anaconda!
Okawaru accepts your kill.
You see here an anaconda corpse.
The shock serpent hisses angrily.
You impale the shock serpent!!
The shock serpent is moderately wounded.
The shock serpent's electric aura discharges, shocking you!
The shock serpent shoots out a bolt of lightning at you!
The bolt of electricity hits you!!
You puncture the shock serpent!
The shock serpent is heavily wounded.
The shock serpent completely misses you.
You miss the shock serpent.
You punch the shock serpent, but do no damage.
The shock serpent is heavily wounded.
The shock serpent splashes around in the water.
You impale the shock serpent!!
The shock serpent is almost dead.
The shock serpent's electric aura discharges, shocking you!
The shock serpent bites you. The shock serpent shocks you!
You barely miss the shock serpent.
The shock serpent is almost dead.
The shock serpent shoots out a bolt of lightning at you!
The bolt of electricity hits you!!
You die...

#...#
#.†.# ###
#...##..#
#..##...#
## ##.#..#
#.# #...#
#..###..##
#♣~~....##
###
♣~~.@...#
#.#
♣~~PS....#
#.##
♣~≈~P...##
#..#
#~~~~~...#
#..##
##♣~~....#
##..##
#♣P~####
##..# ###
#..# ##.#
#.#


You could see a shock serpent.

Vanquished Creatures
  Gastronok (Lair:2)
  Aizul (Snake:3)
  An orc warlord (Orc:1)
  An ettin (Orc:1)
  A yaktaur captain (D:10)
  Harold (D:9)
  4 hydras
  6 anacondas
  2 demonspawn (Orc:2)
  Erica (D:8)
  2 centaur warriors (D:13)
  9 naga warriors
  5 two-headed ogres
  3 boulder beetles
  5 orc high priests
  4 naga sharpshooters
  A shock serpent (Snake:1)
  2 skysharks
  A fire crab (shapeshifter) (D:12)
  Lodul (D:12)
  3 naga ritualists
  A deep elf zephyrmancer (Elf:1)
  9 orc knights
  2 deep elf pyromancers
  5 mana vipers
  An oklob plant (Lair:4)
  7 ugly things
  9 orc sorcerers
  3 manticores
  6 salamanders
  A merfolk siren (Lair:2)
  A cyclops (D:11)
  2 rust devils
  Maurice (D:9)
  A torpor snail (Lair:4)
  A guardian serpent (Snake:3)
  Joseph (Lair:1)
  13 elephants
  32 black mambas
  9 naga magi
  2 orange demons (Orc:2)
  8 cane toads
  Maggie (D:8)
  2 gargoyles
  Psyche (D:8)
  2 unseen horrors
  3 rime drakes
  7 komodo dragons
  A hellwing (D:11)
  A hornet (D:10)
  14 trolls
  3 polar bears
  Grinder (D:5)
  19 blink frogs
  5 slime creatures (D:12)
  An air elemental (Elf:1)
  4 wraiths
  A vampire (D:8)
  A ynoxinul (Orc:2)
  3 wyverns
  Grum (D:9)
  35 yaks
  11 vampire mosquitoes
  4 basilisks
  A fire elemental (D:12)
  5 steam dragons
  A chaos spawn (Orc:2)
  6 wargs
  18 nagas
  An acid dragon (D:13)
  16 water moccasins
  2 ice beasts
  A black bear (Lair:4)
  A sky beast (D:6)
  37 orc warriors
  8 wolves
  13 ogres
  2 centaurs
  7 kobold brigands
  9 bullfrogs
  A necrophage (D:6)
  A gnoll sergeant (D:9)
  4 scorpions
  3 wights
  6 killer bees (D:9)
  2 electric eels (Lair:4)
  3 howler monkeys
  3 lava snakes (Lair:3)
  3 jellies
  An iron imp (D:3)
  23 orc priests
  4 hounds
  3 iguanas
  4 hell rats
  16 orc wizards
  Robin (D:3)
  20 gnolls
  4 adders
  9 river rats (D:7)
  A white imp (D:5)
  2 ufetubi
  2 worms (D:2)
  91 orcs
  4 endoplasms
  3 giant cockroaches
  9 goblins
  9 hobgoblins
  7 jackals
  35 kobolds
  12 quokkas
  3 training dummies (Snake:1)
  6 ball pythons
  2 bats (D:2)
  A frilled lizard (D:1)
  15 rats
732 creatures vanquished.

Vanquished Creatures (others)
  A human (D:7)
  2 demonic plants (D:11)
  18 fungi
  61 plants
82 creatures vanquished.

Grand Total: 814 creatures vanquished

Notes
Turn   | Place    | Note
-------+----------+-------------------------------------------
     0 | D:1      | Pimp the Spriggan Brigand began the quest for the Orb.
     0 | D:1      | Reached XP level 1. HP: 10/10 MP: 2/2
    87 | D:1      | Found a faded altar of an unknown god.
   234 | D:1      | Reached skill level 6 in Stealth
   351 | D:1      | Reached XP level 2. HP: 15/15 MP: 3/3
   953 | D:2      | Reached XP level 3. HP: 6/18 MP: 4/4
  1373 | D:1      | Learned a level 1 spell: Magic Dart
  1378 | D:1      | Reached skill level 1 in Spellcasting
  1422 | D:2      | Reached XP level 4. HP: 16/23 MP: 6/6
  1906 | D:3      | Noticed Robin
  1913 | D:3      | Killed Robin
  1920 | D:3      | Reached XP level 5. HP: 21/26 MP: 8/8
  2195 | D:3      | Found a snail-covered altar of Cheibriados.
  2619 | D:3      | Found a sparkling altar of Nemelex Xobeh.
  2726 | D:3      | Found an opulent altar of Gozag.
  3049 | D:4      | Reached XP level 6. HP: 32/32 MP: 10/10
  3221 | D:4      | Reached skill level 7 in Stealth
  3243 | D:4      | Found a glowing golden altar of the Shining One.
  3693 | D:5      | Entered Level 5 of the Dungeon
  3747 | D:5      | Found a runed translucent gate.
  3748 | D:5      | Found a runed translucent gate.
  3754 | D:5      | Found a runed translucent gate.
  3755 | D:5      | Noticed osoart's ghost (novice FoFi)
  3774 | D:5      | Reached skill level 5 in Dodging
  3959 | D:5      | Reached XP level 7. HP: 35/35 MP: 12/12
  4091 | D:5      | Found an iron altar of Okawaru.
  4100 | D:5      | Became a worshipper of Warmaster Okawaru
  4553 | D:5      | Reached * piety under Okawaru
  4723 | D:5      | Reached skill level 8 in Stealth
  4723 | D:5      | Reached XP level 8. HP: 40/40 MP: 14/14
  4794 | D:5      | Noticed Grinder
  4801 | D:5      | Killed Grinder
  4802 | D:5      | Reached skill level 1 in Evocations
  5325 | D:6      | Reached skill level 5 in Short Blades
  5472 | D:6      | Found a shadowy altar of Dithmenos.
  5558 | D:6      | Reached ** piety under Okawaru
  6186 | D:7      | Reached XP level 9. HP: 45/45 MP: 17/17
  6325 | D:7      | Reached skill level 9 in Stealth
  6379 | D:7      | Reached skill level 5 in Spellcasting
  6415 | D:7      | HP: 2/45 [steam dragon] (6)]
  6480 | D:7      | Found a burning altar of Makhleb.
  6480 | D:7      | Found a sacrificial altar of Ru.
  6774 | D:7      | Reached skill level 5 in Throwing
  7048 | D:7      | Found an ancient bone altar of Kikubaaqudgha.
  7077 | D:7      | Found a staircase to the Ecumenical Temple.
  7140 | D:8      | Noticed Erica
  7275 | D:8      | Noticed Maggie
  7275 | D:8      | Found a glowing silver altar of Zin.
  7355 | D:8      | Killed Maggie
  7355 | D:8      | Reached *** piety under Okawaru
  7446 | D:8      | Found a snail-covered altar of Cheibriados.
  7447 | D:8      | Found Cheibriados's Comfort Zone.
  7491 | D:8      | Killed Erica
  7492 | D:8      | Reached skill level 10 in Stealth
  7492 | D:8      | Reached XP level 10. HP: 25/51 MP: 19/19
  7684 | D:8      | Reached skill level 5 in Evocations
  7696 | D:8      | Learned a level 1 spell: Sting
  7705 | D:8      | Found a staircase to the Lair.
  7726 | D:8      | Noticed Psyche
  7731 | D:8      | Killed Psyche
  7731 | D:8      | Reached **** piety under Okawaru
  7732 | D:8      | Reached skill level 10 in Dodging
  7928 | D:8      | Received a gift from Okawaru
  8108 | D:8      | Reached skill level 1 in Poison Magic
  8238 | D:8      | Found a hazy altar of Hepliaklqana.
  8239 | D:8      | Found a faded altar of an unknown god.
  8478 | D:9      | Noticed Grum
  8480 | D:9      | Killed Grum
  8522 | D:9      | Noticed Maurice
  8543 | D:9      | Killed Maurice
  8543 | D:9      | Received a gift from Okawaru
  8624 | D:9      | Found a basalt altar of Yredelemnul.
  8643 | D:9      | Reached ***** piety under Okawaru
  8644 | D:9      | Reached skill level 5 in Fighting
  9084 | D:9      | Noticed Harold
  9085 | D:9      | Received a gift from Okawaru
  9131 | D:9      | Killed Harold
  9131 | D:9      | Identified the +7 rapier "Wocvuthe" {venom, Str+3} (Okawaru
                  | gifted it to you on level 9 of the Dungeon)
  9131 | D:9      | Received a gift from Okawaru
  9132 | D:9      | Reached skill level 11 in Stealth
  9364 | D:10     | Entered Level 10 of the Dungeon
  9440 | D:10     | Reached XP level 11. HP: 50/56 MP: 22/22
  9638 | D:10     | Found a broken altar of Ashenzari.
  9638 | D:10     | Found a stormy altar of Qazlal.
  9638 | D:10     | Found a bloodstained altar of Trog.
  9849 | D:10     | Noticed a yaktaur captain
  9855 | D:10     | Killed a yaktaur captain
  9884 | D:10     | Noticed a two-headed ogre
  9887 | D:10     | Killed a two-headed ogre
  9896 | D:10     | Noticed a two-headed ogre
  9896 | D:10     | Noticed a four-headed hydra
  9958 | D:10     | Killed a two-headed ogre
 10188 | D:10     | Noticed a deep elf pyromancer
 10192 | D:10     | Killed a deep elf pyromancer
 10192 | D:10     | Received a gift from Okawaru
 10200 | D:10     | Noticed a two-headed ogre
 10235 | D:10     | Killed a two-headed ogre
 10368 | D:10     | Identified the +12 rapier of Syajearu {heavy, Will+ Str+2
                  | Dex+3} (Okawaru gifted it to you on level 10 of the
                  | Dungeon)
 10368 | D:10     | Received a gift from Okawaru
 10498 | D:10     | Noticed an orc knight
 10571 | D:10     | Killed an orc knight
 10683 | D:10     | Noticed a white ugly thing
 10686 | D:10     | Killed a white ugly thing
 10871 | Lair:1   | Entered Level 1 of the Lair of Beasts
 10884 | Lair:1   | Reached ****** piety under Okawaru
 11642 | Lair:1   | Reached XP level 12. HP: 60/60 MP: 24/24
 11746 | Lair:1   | Reached skill level 10 in Short Blades
 11905 | Lair:1   | Noticed Joseph
 11928 | Lair:1   | Killed Joseph
 12444 | Lair:1   | Identified the +1 robe of Titicuz {Rampage rElec rF-
                  | Stlth+} (Okawaru gifted it to you on level 1 of the Lair of
                  | Beasts)
 12444 | Lair:1   | Received a gift from Okawaru
 13390 | Lair:2   | Found a staircase to the Shoals.
 13491 | Lair:2   | Noticed a six-headed hydra
 13492 | Lair:2   | Noticed a six-headed hydra
 13568 | Lair:2   | Killed a six-headed hydra
 13634 | Lair:2   | Killed a six-headed hydra
 13822 | Lair:2   | Noticed Gastronok
 14824 | Lair:2   | Killed Gastronok
 14825 | Lair:2   | Reached XP level 13. HP: 65/65 MP: 25/25
 15095 | Lair:3   | Reached skill level 1 in Transmutations
 15102 | Lair:3   | Received a gift from Okawaru
 15178 | Lair:3   | Reached skill level 12 in Stealth
 15666 | Lair:3   | Learned a level 2 spell: Passwall
 15670 | Lair:3   | Learned a level 3 spell: Mephitic Cloud
 15761 | Lair:3   | Identified the -2 cloak "Hogol" {rF++ Int-3} (Okawaru
                  | gifted it to you on level 3 of the Lair of Beasts)
 15761 | Lair:3   | Received a gift from Okawaru
 15832 | Lair:3   | Found a staircase to the Snake Pit.
 16483 | Lair:4   | Found a staircase to the Slime Pits.
 17091 | Lair:4   | Reached skill level 13 in Stealth
 17585 | Lair:4   | Reached skill level 5 in Transmutations
 18031 | D:11     | You fall into a shaft and drop 3 floors!
 18147 | D:13     | Received a gift from Okawaru
 18843 | D:13     | Reached XP level 14. HP: 43/70 MP: 28/28
 19216 | D:12     | Found Cubreip's General Store.
 19737 | D:12     | Identified the +10 dagger "Ehuuryne" {antimagic, rCorr
                  | Int+2} (Okawaru gifted it to you on level 12 of the
                  | Dungeon)
 19737 | D:12     | Received a gift from Okawaru
 19776 | D:12     | Noticed Lodul
 19791 | D:12     | Killed Lodul
 19792 | D:12     | Reached skill level 14 in Stealth
 20100 | D:12     | Reached skill level 10 in Evocations
 20931 | D:11     | Reached skill level 15 in Stealth
 21152 | D:11     | Found a staircase to the Orcish Mines.
 21175 | Orc:1    | Entered Level 1 of the Orcish Mines
 21223 | Orc:1    | Identified the +2 robe "Kebuluf" {+Inv Int+3 Dex-5}
                  | (Okawaru gifted it to you on level 1 of the Orcish Mines)
 21223 | Orc:1    | Received a gift from Okawaru
 21449 | Orc:1    | Noticed an orc warlord
 21580 | Orc:1    | Killed an orc warlord
 22185 | Orc:2    | Entered Level 2 of the Orcish Mines
 22196 | Orc:2    | Reached skill level 16 in Stealth
 22719 | Orc:2    | Found a staircase to the Elven Halls.
 22787 | Orc:2    | Reached skill level 15 in Short Blades
 23069 | Orc:2    | Found Cyxtafoa's General Store.
 23070 | Orc:2    | Found Lunu Hof's General Store.
 23254 | Orc:2    | Learned a level 4 spell: Olgreb's Toxic Radiance
 23526 | Orc:2    | Bought a scroll of identify for 26 gold pieces
 23526 | Orc:2    | Bought a scroll of fear for 52 gold pieces
 23526 | Orc:2    | Bought a potion of heal wounds for 65 gold pieces
 23528 | Orc:2    | Bought a scroll of fear for 52 gold pieces
 23528 | Orc:2    | Bought a scroll of fear for 52 gold pieces
 23528 | Orc:2    | Bought a potion of might for 52 gold pieces
 24755 | Orc:2    | Reached XP level 15. HP: 48/77 MP: 29/29
 24895 | Orc:2    | Identified the +6 rapier of the Hated {drain, rF+ Str+2
                  | Dex-2 Stlth+} (Okawaru gifted it to you on level 2 of the
                  | Orcish Mines)
 24895 | Orc:2    | Received a gift from Okawaru
 24896 | Orc:2    | Reached skill level 17 in Stealth
 25185 | Orc:2    | Reached skill level 15 in Dodging
 25192 | Orc:2    | Found Olumoe's Antique Weapon Emporium.
 25192 | Orc:2    | Found a one-way gate leading to the halls of Pandemonium.
 25192 | Orc:2    | Found Acky's Book Shoppe.
 25538 | Elf:1    | Entered Level 1 of the Elven Halls
 25543 | Elf:1    | Paralysed by an air elemental for 1 turns
 25907 | Snake:1  | Entered Level 1 of the Snake Pit
 26354 | Snake:1  | Found an opulent altar of Gozag.
 26545 | Snake:1  | Found Donam's Weapon Shoppe.
 26673 | Snake:1  | Received a gift from Okawaru
 27099 | Snake:1  | Learned a level 3 spell: Ignite Poison
 27101 | Snake:1  | Learned a level 1 spell: Slow
 27269 | Snake:1  | Found Dauhir's Firing Range.
 27396 | Snake:1  | Reached skill level 18 in Stealth
 28909 | Snake:2  | Received a gift from Okawaru
 28928 | Snake:2  | You fall into a shaft and drop 1 floor!
 29097 | Snake:2  | Received a gift from Okawaru
 29556 | Snake:3  | Found Qaupa's Assorted Antiques.
 29558 | Snake:3  | Found Zoduilex's Armour Shoppe.
 29558 | Snake:3  | Found Gafu's Assorted Antiques.
 29571 | Snake:3  | Identified the +1 robe of Hairiness {Rampage Str-5 Slay-5
                  | Stlth+}
 29587 | Snake:3  | Found Wuoqaj's Weapon Emporium.
 29587 | Snake:3  | Noticed Aizul
 29772 | Snake:3  | Killed Aizul
 29820 | Snake:3  | Bought a scroll of teleportation for 96 gold pieces
 29820 | Snake:3  | Bought a potion of curing for 96 gold pieces
 29820 | Snake:3  | Bought a potion of heal wounds for 160 gold pieces
 29930 | Snake:3  | Reached skill level 19 in Stealth
 30161 | Snake:3  | Reached XP level 16. HP: 83/83 MP: 30/30
 30256 | Snake:3  | Killed from afar by a shock serpent

Illustrated notes

Levels and vault maps discovered:
D:1:      ncdulo_wetmaze, layout_basic, ebering_ecumenical_altar_rust
D:2:      layout_basic
D:3:      layout_basic, nemelex_diamond_rough_becter, marbit_many_paths,
          slow_altar_1, grunt_ministairs_15, uniq_robin
D:4:      layout_basic, amcnicky_altar_gilded, kennysheep_doodads
D:5:      layout_basic, okawaru_metal_pillars_1_2, ebering_ghost_rock_garden,
          uniq_grinder
D:6:      layout_basic, nicolae_dithmenos_through_a_glass_darkly,
          minmay_small_thing
D:7:      lemuel_ratsnest, layout_cave_pools, tgw_kikubaaqudgha,
          nicolae_overflow_two_pavilions, minmay_temple_entry_poolview
D:8:      layout_cave_pools, lemuel_crystal_altar,
          beargit_hepliaklqana_dungeon_heroes, david_lair_shrubbed,
          minmay_shop_chei, st_stairs_12, uniq_erica, uniq_psyche, uniq_maggie
D:9:      layout_basic, yredelemnul_altar_generic, uniq_harold, uniq_grum,
          uniq_maurice
D:10:     nicolae_hexawheel, layout_irregular_city,
          gammafunk_temple_overflow_claw
D:11:     layout_loops_ring, hiddenorc1_lemuel, serial_demonic,
          serial_demonic_c, serial_demonic_b, serial_demonic_a,
          serial_demonic_a, serial_demonic_e
D:12:     layout_loops_corners, serial_shops, nicolae_shop_hallway_stairs,
          kennysheep_island_fort, uniq_lodul
D:13:     layout_irregular_city
D:14:     layout_gridville, grunt_vaults_entry_tiered, minivault_11,
          serial_bayou_crossing
Lair:1:   layout_cave_pods, chequers_serial_rivers_small_3,
          serial_bayou_shore_b, serial_bayou_shore_b, lemuel_fruit_tree,
          infiniplex_staircase_pool, uniq_joseph
Lair:2:   layout_cave_shapes, minmay_shoals_entry_lonely_mermaid,
          hangedman_lair_generics_rect, uniq_gastronok
Lair:3:   layout_loops_ring, nicolae_snake_entry_warm_welcome
Lair:4:   layout_regular_city, slime_entry_1, pdpol_lair_cavern_descent,
          lemuel_fruit_fields
Snake:1:  layout_honeycomb, serial_shops, shop, basic_altar,
          nicolae_snake_gridmaze_tees, grunt_ministairs_11,
          nicolae_shop_firing_range, nicolae_triple_integral
Snake:2:  layout_basic, nicolae_snake_magic_snake_eye
Snake:3:  layout_layer_cave, grunt_megastairs_3, minmay_shoptagon,
          serial_bayou_shore_b, serial_bayou_shore_b, uniq_aizul
Orc:1:    layout_caves
Orc:2:    pf_orc_diabolical, layout_caves
Elf:1:    nicolae_elf_arrival_no_cutting_in_line, layout_geoelf_grid,
          portal_desolation_entry_nicolae_forbidding_blocks, orc_legates,
          minivault_20, minmay_shop_star, uniq_roxanne

Skill      XL: |  1  2  3  4  5  6  7  8  9 10 11 12 13 14 15 |
---------------+----------------------------------------------+-----
Stealth        | 6 7 8 10 11 13 16 19 | 19.1
Dodging        | 2 3 4 5 6 8 9 11 12 13 14 15 | 15.9
Fighting       | 2 3 4 5 6 8 |  8.9
Spellcasting   | 1 2 3 4 5 6 7 9 |  9.6
Short Blades   | 3 4 5 6 7 9 14 15 16 | 16.6
Throwing       | 3 4 5 6 7 |  7.1
Evocations     | 3 4 6 7 9 11 12 | 12.6
Poison Magic   | 2 3 |  3.7
Transmutations | 5 |  5.9
Air Magic      | |  0.2

Action                     |  1- 3 |  4- 6 |  7- 9 | 10-12 | 13-15 | 16-18 || total
---------------------------+-------+-------+-------+-------+-------+-------++-------
  Melee: Short sword       |    43 |    25 |       |       |       |       ||    68
         Dagger            |     2 |   136 |   330 |   211 |       |       ||   679
         Punch             |       |     3 |     4 |    10 |    11 |     1 ||    29
         Rapier            |       |       |       |   315 |  1151 |    13 ||  1479
  Throw: Dart              |     9 |    41 |    19 |   190 |   157 |       ||   416
   Cast: Magic Dart        |       |       |       |    20 |       |       ||    20
         Mephitic Cloud    |       |       |       |       |     6 |       ||     6
         Passwall          |       |       |       |       |     1 |       ||     1
         Olgreb's Toxic Ra |       |       |       |       |    23 |       ||    23
         Ignite Poison     |       |       |       |       |     2 |       ||     2
  Evoke: Wand              |       |       |       |    29 |    20 |       ||    49
    Use: Scroll            |       |       |    26 |     1 |    20 |       ||    47
         Potion            |       |       |     3 |     4 |    16 |       ||    23
   Stab: Sleeping          |    10 |    13 |     9 |    22 |    58 |     2 ||   114
         Distracted        |       |     1 |       |     3 |     3 |     1 ||     8
         Confused          |       |       |       |       |     2 |       ||     2
         Paralysed         |       |       |       |       |     1 |       ||     1
         Invisible         |       |       |       |       |     2 |       ||     2
 Armour: Robe              |     4 |     3 |       |       |       |       ||     7
         Animal skin       |       |    16 |    34 |       |       |       ||    50
         Steam dragon scal |       |       |     1 |    56 |    88 |       ||   145
  Dodge: Dodged            |    25 |   123 |   299 |   600 |  1412 |     5 ||  2464

Table legend: (Time is in decaauts)
 A = Elapsed time spent in this place.
 B = Non-inter-level travel time spent in this place.
 C = Inter-level travel time spent in this place.
 D = Time resting spent in this place.
 E = Time spent auto-exploring this place.
 F = Levels seen in this place.
 G = Mean time per level.
                   A        B        C        D        E       F      G
               +--------+--------+--------+--------+--------+-----+--------+
         Total |  22123 |  21320 |    803 |   6559 |   7880 |  24 |  921.8 |
       Dungeon |  10077 |   9729 |    348 |   1652 |   4978 |  14 |  719.8 |
          Lair |   5335 |   5058 |    277 |   1892 |   1543 |   4 | 1333.8 |
     Snake Pit |   3298 |   3215 |     83 |   1531 |    744 |   3 | 1099.3 |
  Orcish Mines |   3392 |   3298 |     94 |   1482 |    614 |   2 | 1696.0 |
   Elven Halls |     19 |     19 |      0 |      0 |      0 |   1 |   19.0 |
               +--------+--------+--------+--------+--------+-----+--------+

Top non-repeatable levels by time:
   Orc:2: 2160 daAuts
  Lair:1: 1924 daAuts
 Snake:1: 1646 daAuts
  Lair:2: 1393 daAuts
   Orc:1: 1232 daAuts
  Lair:4: 1182 daAuts
 Snake:2: 1104 daAuts
    D:10: 1036 daAuts
     D:8: 947 daAuts
     D:6: 870 daAuts
     D:5: 867 daAuts
    D:12: 846 daAuts
  Lair:3: 835 daAuts
     D:7: 806 daAuts
    D:13: 784 daAuts
